Unix NetHack Version 5.0.0-0 post-release - last build Jun 10 2026 00:39:30 (3ee93aec679c4c4259841fe613dc97188e26a321,branch:main).

Game began 2026-06-29 17:59:04, ended 2026-06-29 18:28:24.

HenriqueII, lawful male human Archeologist

   -----                            -.----
   |...|                            |.....#           ----------------
   |...|     ----------            #.....|#           ...............|
   |.{.|     |.........            #|....|###         |........>......
   |....#    |........|           ##---.--  #        #...............|
   --.--#####.........|            ##       #        #--.----------.--
     #       |........|            #        #        #             #
     #       |.........#          ##        ##       #             #
     #       -----.----#          #          #       #             #
     ##############    #          #          ####   ###            #
     ##                #          #           ##-----#             #
    ###                #      #####            #.....#             #
   -.-.----------      #    ###                #*...|              #
   |.........`...############%#@o   -.---      #|...|              #
   |............|     #-----#   #   ...<|      #|...|              #
   |............|     #|...|#       |._.|      #|..>|              #
   --------------     #|...-##      |....#######-----              #
                      #...{|        |...|                          #
                       -----        -----

HenriqueII the Field Worker  St:13 Dx:11 Co:18 In:13 Wi:16 Ch:8  Lawful
Dlvl:4  $:8  HP:0(40) Pw:22(22) AC:1  Xp:4 T:3241  Burdened

Latest messages:
 The door closes.
 In what direction? l
 Thwack!!
 In what direction? l
 Whammm!!
 In what direction? l
 Whammm!!
 In what direction? l
 As you kick the door, it crashes open!
 You hear some noises in the distance.
 With great effort you move the boulder.
 In what direction? l
 The door closes.
 In what direction? l
 Thwack!!
 That door is closed.
 In what direction? l
 As you kick the door, it crashes open!
 The hill orc misses!
 You kill the hill orc!
 You see here a hill orc corpse.
 There is a hill orc corpse here; eat it? [ynq] (n) y
 This hill orc corpse tastes okay.
 You stop eating the hill orc corpse.
 The hill orc wields a curved sword!
 You miss the hill orc.
 You miss the hill orc.
 The hill orc swings his curved sword.
 The hill orc hits!
 You hit the hill orc!
 The hill orc swings his curved sword.
 The hill orc hits!
 You miss the hill orc.
 The hill orc swings his curved sword.
 The hill orc misses!
 You hit the hill orc.
 The hill orc swings his curved sword.
 The hill orc hits!
 You hit the hill orc.
 The hill orc swings his curved sword.
 The hill orc misses!
 You hit the hill orc.
 The hill orc swings his curved sword.
 The hill orc hits!
 You hear some noises in the distance.
 You miss the hill orc.
 The hill orc swings his curved sword.
 The hill orc hits!
 You die...
 Do you want your possessions identified? [ynq] (y) q

Inventory:
 Coins    ('$')
  $ - 8 gold pieces
 Weapons  (')')
  v - a poisoned +0 crossbow bolt
  a - a +2 bullwhip
 Armor    ('[')
  g - an uncursed +0 fedora
  h - an uncursed +0 helm of brilliance (being worn)
  s - an uncursed rotted +0 pair of speed boots (being worn)
  e - an uncursed +0 leather cloak (being worn)
  c - an uncursed +1 Hawaiian shirt with a ukulele motif (being worn)
  d - an uncursed +0 splint mail (being worn)
 Comestibles  ('%')
  j - an uncursed carrot
  n - 4 uncursed food rations
  O - an uncursed lembas wafer
 Scrolls  ('?')
  q - an uncursed scroll of destroy armor
  u - a blessed scroll of enchant weapon
  Q - an uncursed scroll of teleportation
 Spellbooks  ('+')
  P - an uncursed spellbook of healing
  x - an uncursed spellbook of light
 Potions  ('!')
  i - an uncursed potion of booze
  M - an uncursed potion of fruit juice
  L - an uncursed potion of healing
  o - an uncursed potion of invisibility
  D - an uncursed potion of monster detection
  N - a blessed potion of paralysis
 Rings    ('=')
  k - a cursed -1 ring of adornment
  R - an uncursed ring of cold resistance
 Tools    ('(')
  S - an empty uncursed sack
  m - an uncursed oil lamp
  p - a +0 pick-axe (weapon in right hand)
  f - a tinning kit (0:65)
  y - an uncursed towel
 Gems/Stones  ('*')
  t - an uncursed touchstone

HenriqueII the Archeologist's attributes:

Background:
 You were a Field Worker, a level 4 male human Archeologist.
 You were lawful, on a mission for Quetzalcoatl
 who was opposed by Camaxtli (neutral) and Huhetotl (chaotic).
 You were right-handed.
 You were in the Dungeons of Doom, on level 4.
 You entered the dungeon 3241 turns ago.
 There was a full moon in effect when your adventure ended.
 You had 105 experience points, 55 more were needed to attain level 5.

Basics:
 You had 0 out of 40 hit points.
 You had all 22 energy points (spell power).
 Your armor class was 1.
 Your wallet contained 8 zorkmids.
 Autopickup was on for '$!?/="' plus thrown, with exceptions.

Final Characteristics:
 Your strength was 13 (limit:18/100).
 Your dexterity was 11 (limit:18).
 Your constitution was 18 (limit:18).
 Your intelligence was 13 (limit:18).
 Your wisdom was 16 (limit:18).
 Your charisma was 8 (limit:18).

Final Status:
 You weren't hungry.
 You were burdened; movement was slightly slowed.
 You were wielding a pick-axe.
 You had basic skill with pick-axe.

Final Attributes:
 You were piously aligned.
 You had automatic searching.
 You were warded.
 You were very fast.
 You were lucky.
 You are dead.

Miscellaneous:
 You encountered 1 bones level.
 Total elapsed playing time was 29 minutes and 19 seconds.

Major events:
 Turn
    1: HenriqueII the lawful male human Archeologist entered the dungeon
 2006: attained the rank of Field Worker (level 3)
 2807: entered the Gnomish Mines
 3241: killed by a hill orc

You didn't know any spells.

Skills:
 Fighting Skills
   bare handed combat [Unskilled]
   two weapon combat  [Unskilled]
   riding             [Unskilled]
 Weapon Skills
   dagger             [Unskilled]
   knife              [Unskilled]
   pick-axe           [Basic]
   short sword        [Unskilled]
   saber              [Unskilled]
   club               [Unskilled]
   quarterstaff       [Unskilled]
   sling              [Unskilled]
   dart               [Unskilled]
   boomerang          [Unskilled]
   whip               [Basic]
   unicorn horn       [Unskilled]
 Spellcasting Skills
   attack spells      [Unskilled]
   healing spells     [Unskilled]
   divination spells  [Unskilled]
   matter spells      [Unskilled]

Voluntary challenges:
 Character rerolling was not enabled.
 You never genocided any monsters.
 You never polymorphed an object.
 You never changed form.
 You used no wishes.
Achievements:
 You entered a shop.
 You attained the rank of Field Worker.
 You entered the Gnomish Mines.

 The Dungeons of Doom: levels 1 to 5
    Level 1:
       An altar, a fountain.
    Level 2:
       A general store, a fountain, many trees.
    Level 3:
       An armor shop, some fountains.
    Level 4: <- You were here.
       An altar, some fountains.
       Stairs down to The Gnomish Mines.
       Final resting place for
          you, killed by a hill orc.
    Level 5:
 The Gnomish Mines:
    Level 5:
       Final resting place for
          Stef75-Val-Hum-Fem-Neu, killed by a gnome.


Vanquished creatures:
  a wood nymph
  a kobold leader
  a hill orc
  a rothe
  2 dwarf zombies
 an iguana
  2 coyotes
  2 large kobolds
  4 giant rats
  2 cave spiders
  4 geckos
  5 jackals
  a kobold
  2 goblins
  2 sewer rats
  7 grid bugs
  4 lichens
  2 kobold zombies
  3 newts
47 creatures vanquished.

No species were genocided or became extinct.

Game over:
                       ----------
                      /          \
                     /    REST    \
                    /      IN      \
                   /     PEACE      \
                  /                  \
                  |    HenriqueII    |
                  |       8 Au       |
                  | killed by a hill |
                  |       orc        |
                  |                  |
                  |                  |
                  |       2026       |
                 *|     *  *  *      | *
        _________)/\\_//(\/(/\)/\//\/|_)_______

Goodbye HenriqueII the Archeologist...

You died in The Dungeons of Doom on dungeon level 4 with 628 points,
and 8 pieces of gold, after 3241 moves.
You were level 4 with a maximum of 40 hit points when you died.

